 Dungeon Crawl Stone Soup version 0.22.0-27-ga576289601 (webtiles) character file.

1850681 KamiKatze the End of an Era (level 27, 239/239 HPs)
             Began as a Hill Orc Fighter on Aug 21, 2018.
             Was the Champion of Qazlal.
             Escaped with the Orb
             ... and 3 runes on Aug 22, 2018!
             The game lasted 05:24:24 (64059 turns).

KamiKatze the End of an Era (Hill Orc Fighter)     Turns: 64059, Time: 05:24:24

Health: 239/239    AC: 46    Str: 37    XL:     27
Magic:  40/40      EV: 17    Int: 14    God:    Qazlal [******]
Gold:   7028       SH: 44    Dex:  8    Spells: 26/26 levels left

rFire    + . .     SeeInvis +   a - +6 broad axe (protect)
rCold    + + .     Gourm    .   Y - +8 large shield {rC+}
rNeg     + . .     Faith    +   p - +13 plate armour "Vuizej" {Regen+ Str+7 Int+3}
rPois    .         Spirit   .   M - +1 hat {Int+3}
rElec    +         Reflect  .   G - +2 cloak {MR+}
rCorr    .         Harm     .   o - +3 pair of gauntlets of War {Slay+5}
MR       +++..     Rnd*Rage +   L - +2 pair of boots of the Assassin {Detection Stab+ Stlth++} Stlth ..........Rnd*Tele +
                                W - amulet of faith
HPRegen  0.89/turn              E - ring "Waofim" {rF+ Slay+6}
MPRegen  0.27/turn              N - ring of Ofuqus {rElec rN+ SInv}

@: glowing, repel missiles
A: horns 1, talons 1, molten scales 1, berserk 2, blurry vision 2, clumsy 1,
cold resistance 1, deformed body, deterioration 1, frail 1, teleportitis 1, weak
1
0: Orb of Zot
}: 3/15 runes: serpentine, barnacled, silver
a: Upheaval, Elemental Force, Disaster Area, Renounce Religion


You escaped.
You worshipped Qazlal.
Qazlal was exalted by your worship.
You were not hungry.

You visited 10 branches of the dungeon, and saw 50 of its levels.
You also visited: Sewer, Bailey, Ice Cave and Wizlab.

You collected 7928 gold pieces.
You spent 900 gold pieces at shops.

Inventory:

Hand Weapons
 a - a +6 broad axe of protection (weapon)
 b - a +0 broad axe of flaming
 H - a +5 broad axe
Missiles
 j - 7 javelins (quivered)
 S - 7 throwing nets
 V - 15 steel javelins
Armour
 o - the +3 pair of gauntlets of War (worn) {Slay+5}
   (You acquired it on level 5 of the Depths)

   It affects your accuracy and damage with ranged weapons and melee attacks
   (+5).
 p - the +13 plate armour "Vuizej" (worn) {Regen+ Str+7 Int+3}
   (You found it on level 3 of the Lair of Beasts)

   It affects your strength (+7).
   It affects your intelligence (+3).
   It increases your rate of regeneration.
 G - a +2 cloak of magic resistance (worn)
 L - the +2 pair of boots of the Assassin (worn) {Detection Stab+ Stlth++}
   (You found it on level 5 of the Vaults)

   It makes you much more stealthy.
 M - a +1 hat of intelligence (worn)
 T - a +2 helmet of see invisible
 Y - a +8 large shield of cold resistance (worn)
Jewellery
 c - an uncursed ring of resist corrosion
 i - the ring of Zazxituc {*Corrode rPois rC+ MR+ Slay+5}
   (You found it on level 5 of the Vaults)

   [ring of protection from magic]

   It affects your accuracy and damage with ranged weapons and melee attacks
   (+5).
   It protects you from cold.
   It protects you from poison.
   It affects your resistance to hostile enchantments.
   It may corrode you when you take damage.
 n - an uncursed ring of poison resistance
 E - the ring "Waofim" (left hand) {rF+ Slay+6}
   (You took it off a tengu reaver on level 5 of the Vaults)

   [ring of slaying]

   It affects your accuracy and damage with ranged weapons and melee attacks
   (+6).
   It protects you from fire.
 N - the ring of Ofuqus (right hand) {rElec rN+ SInv}
   (You took it off a deep elf sorcerer on level 5 of the Vaults)

   [ring of see invisible]

   It insulates you from electricity.
   It protects you from negative energy.
   It lets you see invisible.
 P - an uncursed ring of positive energy
 W - an amulet of faith (around neck)
Wands
 e - a wand of digging (19)
 s - a wand of flame (233)
 u - a wand of clouds (11)
 B - a wand of scattershot (19)
 R - a wand of acid (31)
Scrolls
 k - 13 scrolls of fear
 m - 3 scrolls of holy word
 q - 6 scrolls of blinking
 r - 14 scrolls of remove curse
 t - 14 scrolls of teleportation
 w - 11 scrolls of fog
 x - 18 scrolls of identify
 y - 2 scrolls of summoning
 Q - 4 scrolls of magic mapping
 U - 2 scrolls of enchant armour
 Z - 3 scrolls of amnesia
Potions
 d - 3 potions of might
 g - 20 potions of curing
 h - 4 potions of berserk rage
 l - 2 potions of heal wounds
 v - 2 potions of haste
 z - 6 potions of lignification
 A - 2 potions of resistance
 F - 9 potions of flight
 I - 4 potions of invisibility
 K - a potion of agility
 O - 4 potions of ambrosia
 X - 3 potions of cancellation
Miscellaneous
 D - a phantom mirror
Comestibles
 f - 76 rations


   Skills:
 + Level 25.3 Fighting
 - Level 19.0 Axes
 + Level 25.7 Armour
 + Level 19.7 Dodging
 - Level 25.0 Shields
 O Level 27 Invocations
 - Level 5.0 Evocations


You had 26 spell levels left.
You didn't know any spells.
Your spell library contained the following spells:

 Spells                   Type           Power        Failure   Level  Hunger
 Animate Skeleton         Necr           N/A          56%         1    ##.....
 Apportation              Tloc           #.....       56%         1    ##.....
 Beastly Appendage        Tmut           #.....       56%         1    ##.....
 Confusing Touch          Hex            #.....       56%         1    ##.....
 Corona                   Hex            #......      56%         1    ##.....
 Flame Tongue             Conj/Fire      #....        56%         1    ##.....
 Freeze                   Ice            #...         56%         1    ##.....
 Infusion                 Chrm           #...         56%         1    ##.....
 Magic Dart               Conj           #...         56%         1    ##.....
 Pain                     Necr           #...         56%         1    ##.....
 Shock                    Conj/Air       #...         56%         1    ##.....
 Sting                    Conj/Pois      #...         56%         1    ##.....
 Summon Butterflies       Summ           #.......     56%         1    ##.....
 Summon Small Mammal      Summ           #...         56%         1    ##.....
 Blink                    Tloc           N/A          71%         2    ###....
 Call Imp                 Summ           #.......     71%         2    ###....
 Corpse Rot               Necr           N/A          71%         2    ###....
 Ensorcelled Hibernation  Hex/Ice        #.....       71%         2    ###....
 Passwall                 Tmut/Erth      #.......     71%         2    ###....
 Poisonous Vapours        Pois/Air       #.....       71%         2    ###....
 Searing Ray              Conj           #.....       71%         2    ###....
 Shroud of Golubria       Chrm/Tloc      #.........   71%         2    ###....
 Slow                     Hex            #.......     71%         2    ###....
 Song of Slaying          Chrm           #.......     71%         2    ###....
 Sticks to Snakes         Tmut           #.......     71%         2    ###....
 Sublimation of Blood     Necr           #.........   71%         2    ###....
 Swiftness                Chrm/Air       #.......     71%         2    ###....
 Throw Flame              Conj/Fire      #.....       71%         2    ###....
 Throw Frost              Conj/Ice       #.....       71%         2    ###....
 Call Canine Familiar     Summ           #.......     91%         3    ####...
 Confuse                  Hex            #.......     91%         3    ####...
 Conjure Flame            Conj/Fire      #.......     91%         3    ####...
 Dazzling Spray           Conj/Hex       #.....       91%         3    ####...
 Gell's Gravitas          Tloc           #.........   91%         3    ####...
 Inner Flame              Hex/Fire       #.......     91%         3    ####...
 Mephitic Cloud           Conj/Pois/Air  #.......     91%         3    ####...
 Ozocubu's Armour         Chrm/Ice       #.......     91%         3    ####...
 Portal Projectile        Hex/Tloc       #.....       91%         3    ####...
 Recall                   Summ/Tloc      N/A          91%         3    ####...
 Regeneration             Chrm/Necr      #.........   91%         3    ####...
 Spectral Weapon          Hex/Chrm       #.......     91%         3    ####...
 Spider Form              Tmut/Pois      #.........   91%         3    ####...
 Static Discharge         Conj/Air       #.......     91%         3    ####...
 Summon Guardian Golem    Hex/Summ       #.......     91%         3    ####...
 Tukima's Dance           Hex            #.......     91%         3    ####...
 Vampiric Draining        Necr           #.........   91%         3    ####...
 Airstrike                Air            #.........   100%        4    #####..
 Animate Dead             Necr           N/A          100%        4    #####..
 Cause Fear               Hex            #.........   100%        4    #####..
 Force Lance              Conj/Tloc      #.......     100%        4    #####..
 Fulminant Prism          Conj/Hex       #.........   100%        4    #####..
 Ice Form                 Ice/Tmut       #.......     100%        4    #####..
 Iskenderun's Mystic Bla  Conj           #.......     100%        4    #####..
 Olgreb's Toxic Radiance  Pois           #.......     100%        4    #####..
 Petrify                  Tmut/Erth      #.......     100%        4    #####..
 Sticky Flame             Conj/Fire      #.......     100%        4    #####..
 Summon Ice Beast         Ice/Summ       #.......     100%        4    #####..
 Summon Lightning Spire   Summ/Air       #.......     100%        4    #####..
 Throw Icicle             Conj/Ice       #.......     100%        4    #####..
 Agony                    Necr           #.......     100%        5    ######.
 Blade Hands              Tmut           #.........   100%        5    ######.
 Bolt of Draining         Conj/Necr      #.........   100%        5    ######.
 Bolt of Magma            Conj/Fire/Erth #.........   100%        5    ######.
 Borgnjor's Vile Clutch   Necr/Erth      #.........   100%        5    ######.
 Dispel Undead            Necr           #.......     100%        5    ######.
 Excruciating Wounds      Chrm/Necr      #.........   100%        5    ######.
 Fireball                 Conj/Fire      #.........   100%        5    ######.
 Irradiate                Conj/Tmut      #.........   100%        5    ######.
 Iskenderun's Battlesphe  Conj/Chrm      #.......     100%        5    ######.
 Lee's Rapid Deconstruct  Erth           #.........   100%        5    ######.
 Lightning Bolt           Conj/Air       #.........   100%        5    ######.
 Metabolic Englaciation   Hex/Ice        #.........   100%        5    ######.
 Silence                  Hex/Air        #.........   100%        5    ######.
 Summon Mana Viper        Hex/Summ       #.......     100%        5    ######.
 Venom Bolt               Conj/Pois      #.........   100%        5    ######.
 Yara's Violent Unravell  Hex/Tmut       #.........   100%        5    ######.
 Bolt of Cold             Conj/Ice       #.........   100%        6    #######
 Bolt of Fire             Conj/Fire      #.........   100%        6    #######
 Conjure Ball Lightning   Conj/Air       #.........   100%        6    #######
 Darkness                 Hex            #.........   100%        6    #######
 Death Channel            Necr           #.........   100%        6    #######
 Deflect Missiles         Chrm/Air       #.........   100%        6    #######
 Dispersal                Tloc           #.........   100%        6    #######
 Freezing Cloud           Conj/Ice/Air   #.........   100%        6    #######
 Invisibility             Hex            #.......     100%        6    #######
 Iron Shot                Conj/Erth      #.........   100%        6    #######
 Ozocubu's Refrigeration  Ice            #.........   100%        6    #######
 Shadow Creatures         Summ           N/A          100%        6    #######
 Simulacrum               Ice/Necr       #.........   100%        6    #######
 Dragon Form              Tmut           #.........   100%        7    #######
 Orb of Destruction       Conj           #.........   100%        7    #######
 Ring of Flames           Chrm/Fire      #.........   100%        7    #######
 Spellforged Servitor     Conj/Summ      #.........   100%        7    #######
 Summon Hydra             Summ           #.........   100%        7    #######
 Borgnjor's Revivificati  Necr           #.........   100%        8    #######
 Controlled Blink         Tloc           N/A          100%        8    #######
 Discord                  Hex            #.........   100%        8    #######
 Disjunction              Tloc           #.........   100%        8    #######
 Dragon's Call            Summ           #.........   100%        9    #######
 Tornado                  Air            #.........   100%        9    #######
 Passage of Golubria      Tloc           Unusable     N/A         4    N/A

Dungeon Overview and Level Annotations

Branches:
Dungeon (15/15)            Temple (1/1) D:6            Lair (6/6) D:10
 Shoals (4/4) Lair:2        Snake (4/4) Lair:4        Slime (0/5) Lair:6
    Orc (2/2) D:10            Elf (0/3) Orc:2        Vaults (5/5) D:13
  Crypt (3/3) Vaults:2       Tomb (0/3) Crypt:3      Depths (5/5) D:15
    Zot (5/5) Depths:5

Altars:
Ashenzari
Cheibriados
Dithmenos
Elyvilon
Fedhas
Gozag
Hepliaklqana
Kikubaaqudgha
Makhleb
Nemelex Xobeh
Okawaru
Qazlal
Ru
Sif Muna
Trog
Uskayaw
Vehumet
Wu Jian
Xom
Yredelemnul
Zin
The Shining One
Beogh
Lugonu

Shops:
D:7 (   D:8 }   Orc:2 =!(:   Shoals:3 *   Snake:2 [   Depths:1 *   Depths:3 (

Portals:
Hell: Depths:1 Depths:2 Depths:3 Depths:4 Depths:5
Abyss: Depths:3 Depths:4
Pandemonium: Depths:3 Depths:5
Ziggurat: Depths:2

Annotations:
Lair:6 exclusion: 3 oklob plants
Crypt:2 1 transporter
Crypt:3 1 runed door, KamiKatze's ghost, veteran HOFi


Innate Abilities, Weirdness & Mutations

You have a pair of small horns on your head.
You have sharp toenails.
You are partially covered in molten scales. (AC +2)
You often lose your temper in combat.
Scrolls take you longer to read.
You are clumsy. (Dex -2)
Your flesh is cold resistant. (rC+)
Armour fits poorly on your strangely shaped body.
Your body sometimes deteriorates upon taking damage.
You are frail. (-10% HP)
You are occasionally teleported next to monsters.
You are weak. (Str -2)


Message History

You block the angel's attack. x2
You hear a chilling moan.
You hear a bellow!
You block the angel's attack. x2
You hear a screech!
You block the angel's attack. x2
A hell beast comes into view.
A hellwing comes into view.
You block the angel's attack. The angel hits you but does no damage.
The angel hits you but does no damage. You block the angel's attack.
The angel is struck by lightning.
You block the angel's attack. The angel completely misses you.
You hear a shout!
You block the angel's attack. x2
There is an open door here.
There is a staircase leading out of the dungeon here.
The hell beast is engulfed in freezing vapours.
You block the hell beast's attack.
The hell beast tramples you but does no damage.
You have escaped!

##.## #.. #.# #.. #)# #..
#.####.# ####### #.......
#.4.{[#####.####..
##A##........##....
#.2.#..#####....#..
####§@§#..#####.####..
#.{#...#.....##.####..
########
#.###)##4.##.##.2.....
#......#
#.###...........####..
#.####.####.##.####.##.#####
###
#.###.......##.####........#
#
#.#.........##.##........#.#
#
#.#.#..####.##.##.#..#...#.#
#
#.#......#........#..##..#.#
#


You could see an angel, a hell beast and a hellwing.

Vanquished Creatures
  3 pandemonium lords
  5 ancient liches
  8 orbs of fire
  Mennas (Vaults:4)
  2 juggernauts
  Mara (Crypt:3)
  Boris (Crypt:1)
  Frederick (Crypt:1)
  Saint Roka (Vaults:2)
  Xtahua (Crypt:1)
  A curse toe (Crypt:3)
  3 Killer Klowns (Zot:5)
  4 caustic shrikes
  14 golden dragons
  A bone dragon (Crypt:3)
  Nikola (Snake:4)
  2 electric golems (Zot:5)
  2 Tzitzimimeh (D:7)
  7 liches
  8 tentacled monstrosities
  An Ice Fiend (Zot:5)
  10 quicksilver dragons
  5 titans (Vaults:5)
  26 Orb Guardians
  2 krakens
  Polyphemus (Shoals:3)
  10 ancient champions
  20 storm dragons
  11 death cobs
  6 sphinxes
  9 shadow dragons
  A shadow dragon (shapeshifter) (Vaults:5)
  11 draconian monks
  7 nagarajas (Snake:4)
  9 tengu reavers
  Ilsuiw (Shoals:2)
  A warmonger (D:6)
  An orc warlord (Orc:2)
  4 revenants (Crypt:2)
  14 draconian scorchers
  6 deep elf sorcerers
  2 iron dragons
  A cacodemon (D:15)
  10 draconian knights
  6 fire giants
  2 curse skulls
  5 draconian shifters
  A balrug (Depths:5)
  19 vault wardens
  19 draconian annihilators
  A deep elf elementalist (Vaults:5)
  13 frost giants
  A reaper (D:6)
  2 ghost moths (Zot:2)
  2 war gargoyles
  18 stone giants
  4 ghouls
  11 draconian stormcallers
  2 spriggan defenders (Depths:3)
  22 very ugly things
  14 vampire knights
  17 ironheart preservers
  A caustic shrike skeleton (Depths:2)
  15 green draconians
  18 black draconians
  Azrael (D:12)
  14 white draconians
  Nessos (D:13)
  21 purple draconians
  18 yellow draconians
  4 deep elf annihilators
  12 red draconians
  6 dire elephants
  3 deep elf demonologists
  9 statues (WizLab)
  2 merfolk javelineers
  5 deep elf death magi
  Snorg (Lair:3)
  27 ettins
  5 eidola
  16 jiangshi
  A green death (Depths:5)
  15 yaktaur captains
  6 merfolk impalers
  3 deep elf high priests (Vaults:5)
  A great orb of eyes (Vaults:3)
  Harold (D:8)
  Josephine (D:11)
  14 fire dragons
  11 ogre magi
  12 ice dragons
  27 vault guards
  5 spriggan air magi
  4 rakshasas
  4 merfolk avatars
  2 quicksilver dragon skeletons (Crypt:1)
  15 naga warriors
  7 hydras
  A hell beast (Depths:5)
  5 merfolk aquamancers (Shoals:4)
  6 death knights
  16 anacondas
  43 two-headed ogres
  5 satyrs
  7 centaur warriors
  An alligator snapping turtle (Shoals:3)
  4 catoblepae
  The ghost of Waycsuqi the Spear-Bearer, a novice CeFi of Uskayaw (Lair:1)
  15 deep troll earth magi
  10 deep troll shamans
  7 death yaks
  3 spriggan berserkers
  19 vampire magi
  The ghost of Flugkiller the Slicer, a journeyman VSAs of Uskayaw (Lair:2)
  8 orc high priests (Orc:2)
  17 naga sharpshooters
  3 tengu warriors
  2 titan zombies
  A storm dragon zombie (Depths:3)
  10 shock serpents
  6 soul eaters
  4 shadow wraiths
  53 skeletal warriors
  3 iron trolls
  12 deep elf knights
  15 hell knights
  A cherub (D:6)
  13 sea snakes
  3 storm dragon skeletons
  7 salamander mystics
  3 death drakes
  10 flayed ghosts
  2 unseen horrors
  A glowing orange brain (Depths:4)
  36 deep trolls
  7 wizards
  17 ironbrand convokers
  4 sixfirhies
  An infernal demonspawn (D:6)
  A sphinx zombie (D:15)
  2 anaconda skeletons
  8 naga ritualists
  7 deep elf archers
  A torturous demonspawn (D:7)
  A lindwurm (shapeshifter) (Vaults:5)
  A harpy (shapeshifter) (Vaults:5)
  14 necromancers
  4 wolf spiders
  Pikel (D:8)
  A shadow dragon zombie (Vaults:4)
  13 orc knights
  32 deep elf magi
  14 harpies
  5 lindwurms
  2 shadow dragon skeletons (Crypt:1)
  2 tengu zombies
  5 orc sorcerers
  10 phantasmal warriors
  A tengu skeleton (Vaults:4)
  3 human zombies
  2 mana vipers (shapeshifter)
  An iron dragon zombie (Crypt:3)
  A manticore (shapeshifter) (Depths:4)
  2 frost giant zombies
  34 ugly things
  13 mana vipers
  An orb spider (shapeshifter) (Vaults:1)
  A faun (shapeshifter) (Depths:3)
  13 manticores
  7 fauns
  17 cyclopes
  A fire giant zombie (Crypt:2)
  7 salamanders
  21 moths of wrath
  A fire giant skeleton (Crypt:1)
  36 black mambas
  12 merfolk sirens
  10 guardian serpents
  Joseph (D:7)
  A stone giant skeleton (Depths:2)
  5 iron dragon skeletons
  An ice statue (IceCv)
  2 dire elephant zombies
  19 naga magi
  9 elephants
  Psyche (D:11)
  A rust devil (Depths:2)
  3 centaur zombies
  A guardian serpent (shapeshifter) (Vaults:5)
  11 water nymphs
  A spriggan zombie (Depths:5)
  A black mamba (shapeshifter) (Vaults:5)
  2 orange demons
  2 spiny frogs (shapeshifter) (Depths:2)
  A shock serpent skeleton (Crypt:1)
  A molten gargoyle (Depths:4)
  2 yaktaur zombies
  15 vault sentinels
  3 spiny frogs
  A yaktaur (shapeshifter) (Depths:3)
  7 rime drakes
  2 komodo dragons
  A dire elephant skeleton (Crypt:1)
  41 yaktaurs
  A death yak zombie (Crypt:1)
  7 freezing wraiths
  5 guardian mummies
  A red devil (D:6)
  An efreet (D:14)
  A pale draconian skeleton (Crypt:2)
  5 tengu conjurers
  A death yak skeleton (Crypt:1)
  A sea snake skeleton (Crypt:3)
  3 meliai (D:13)
  A polar bear (shapeshifter) (Vaults:2)
  2 ice devils
  8 wind drakes
  A hydra zombie (Crypt:3)
  4 human skeletons
  16 trolls
  17 polar bears
  A hydra skeleton (Crypt:1)
  7 slime creatures
  8 hornets
  16 merfolk
  A bog body (Crypt:2)
  A jumping spider zombie (Crypt:3)
  A tarantella zombie (Crypt:1)
  3 blink frogs (Lair:1)
  13 dream sheep
  11 hippogriffs
  A raiju (shapeshifter) (Depths:2)
  2 alligator skeletons (Crypt:1)
  9 snapping turtles
  12 flying skulls
  An ice dragon zombie (Crypt:3)
  2 vampires
  Sigmund (D:2)
  2 ettin skeletons
  2 ice dragon skeletons (Crypt:3)
  6 spriggans
  5 shadows
  A fire dragon skeleton (Crypt:1)
  4 spriggan skeletons
  A ynoxinul (Zot:2)
  A spriggan (shapeshifter) (Vaults:5)
  An elf simulacrum (Depths:5)
  18 water elementals
  2 wyverns
  15 wraiths
  3 fire elementals (D:12)
  A large abomination (D:6)
  38 yaks
  4 basilisks
  Grum (D:11)
  2 chaos spawn
  3 fire bats (Lair:1)
  A neqoxec (Depths:5)
  A hog (shapeshifter) (Vaults:2)
  A wind drake skeleton (Crypt:2)
  A hungry ghost (D:9)
  15 wargs
  Menkaure (D:5)
  4 vampire mosquitoes
  An acid dragon (Vaults:1)
  45 nagas
  An ogre zombie (Vaults:1)
  10 hell hounds
  2 hydra simulacra (Lair:1)
  3 soldier ants
  10 water moccasins
  The ghost of Timopy the Sneak, an amateur VSAs of Wu Jian (D:4)
  A swamp drake (Depths:5)
  13 porcupines
  A spiny frog skeleton (Crypt:2)
  Purgy (Sewer)
  2 black bears
  A floating eye (shapeshifter) (Vaults:3)
  A two-headed ogre skeleton (Crypt:3)
  4 ice beasts
  A sky beast (shapeshifter) (Vaults:2)
  A faun skeleton (Crypt:1)
  40 orc warriors
  5 sky beasts
  4 eyes of draining
  6 phantoms
  3 slaves (D:8)
  2 ettin simulacra
  3 necrophages
  12 centaurs
  22 wolves
  An eye of draining (shapeshifter) (Vaults:4)
  32 ogres
  3 boggarts (Vaults:3)
  A swamp dragon skeleton (Crypt:1)
  10 crocodiles
  3 big kobolds
  A bullfrog (shapeshifter) (Depths:2)
  A human simulacrum (Vaults:2)
  A gnoll sergeant (Orc:1)
  12 bullfrogs
  A glowing shapeshifter simulacrum (Vaults:1)
  A hippogriff skeleton (Crypt:2)
  A wyvern zombie (D:9)
  An elf zombie (Crypt:3)
  5 scorpions
  A yak skeleton (Crypt:2)
  7 killer bees
  12 wights
  5 howler monkeys
  13 electric eels
  5 crimson imps
  5 bullfrog zombies
  A quasit (D:14)
  11 hounds
  2 jellies
  40 orc priests
  A water moccasin simulacrum (Lair:1)
  6 centaur skeletons
  Ijyb (D:4)
  Jessica (D:3)
  4 iguanas
  A porcupine zombie (Crypt:1)
  26 orc wizards
  7 hell rats (Lair:5)
  15 worker ants
  2 yak simulacra (Lair:1)
  A killer bee zombie (Crypt:2)
  A big kobold zombie (Crypt:3)
  A crocodile skeleton (Crypt:2)
  A hound skeleton (D:10)
  A worker ant zombie (D:8)
  Robin (D:2)
  8 gnolls
  A steam dragon zombie (Crypt:2)
  12 adders
  4 shadow imps
  2 white imps
  2 ufetubi
  2 oozes
  2 adder skeletons
  2 lava snake skeletons
  4 worms
  3 dart slugs
  4 leopard geckos
  129 orcs
  A ball python (D:3)
  2 giant cockroaches
  14 hobgoblins
  9 quokkas
  8 bats
  2 dart slug zombies
  4 frilled lizards
  18 goblins
  A goblin skeleton (Crypt:2)
  A jackal skeleton (D:8)
  36 kobolds
  2 leopard gecko zombies (D:5)
  A quokka skeleton (D:5)
  A quokka zombie (Crypt:3)
  7 rats
  A rat zombie (Crypt:1)
  A spectral orc (D:2)
  6 fungi
  23 plants
  6 tentacles
  2 withered plants (D:15)
2591 creatures vanquished.

Vanquished Creatures (others)
  An electric golem (Zot:1)
  An eldritch tentacle (D:6)
  A fire dragon (Depths:5)
  An unseen horror (D:10)
  A deep elf mage (WizLab)
  A manticore (Shoals:1)
  2 moths of wrath
  A snapping turtle (Shoals:4)
  A naga (Snake:4)
  A slave (D:8)
  2 sky beasts
  A swamp drake (Depths:5)
  An orc wizard (Vaults:5)
  4 fungi
  27 plants
  8 tentacles
  5 withered plants (D:15)
59 creatures vanquished.

Grand Total: 2650 creatures vanquished

Notes
Turn   | Place    | Note
-------+----------+-------------------------------------------
     0 | D:1      | KamiKatze the Hill Orc Fighter began the quest for the Orb.
     0 | D:1      | Reached XP level 1. HP: 19/19 MP: 1/1
    22 | D:1      | Reached XP level 2. HP: 13/27 MP: 2/2
   469 | D:1      | Reached XP level 3. HP: 28/33 MP: 3/3
  1055 | D:2      | Noticed Sigmund
  1065 | D:2      | Killed Sigmund
  1065 | D:2      | Reached skill level 5 in Axes
  1065 | D:2      | Reached skill level 1 in Dodging
  1065 | D:2      | Reached XP level 4. HP: 29/41 MP: 4/4
  1065 | D:2      | Reached XP level 5. HP: 33/47 MP: 5/5
  1083 | D:2      | Found a shattered altar of Ashenzari.
  1119 | D:2      | Reached XP level 6. HP: 45/53 MP: 6/6
  1243 | D:2      | Found a basalt altar of Yredelemnul.
  1271 | D:2      | Noticed Robin
  1286 | D:2      | Killed Robin
  1330 | D:2      | Found a burning altar of Makhleb.
  1790 | D:3      | Noticed Jessica
  1820 | D:3      | Killed Jessica
  1860 | D:3      | Found a glowing drain.
  1864 | Sewer    | Entered a sewer
  1960 | Sewer    | Noticed Purgy
  1964 | Sewer    | Killed Purgy
  2072 | D:3      | Reached XP level 7. HP: 60/60 MP: 7/7
  2210 | D:3      | Found a hide-covered altar of Uskayaw.
  2211 | D:3      | Noticed a hand axe
  2212 | D:3      | Noticed a hand axe
  2278 | D:2      | Reached skill level 5 in Fighting
  2464 | D:3      | Found a sparkling altar of Nemelex Xobeh.
  2499 | D:3      | Became a worshipper of Uskayaw the Reveler
  2660 | D:3      | Reached * piety under Uskayaw
  3152 | D:4      | Reached ** piety under Uskayaw
  3169 | D:4      | Found a runed door.
  3172 | D:4      | Noticed Timopy's ghost (amateur VSAs)
  3269 | D:4      | Reached skill level 5 in Shields
  3318 | D:4      | Noticed Ijyb
  3345 | D:4      | Killed Ijyb
  3345 | D:4      | Reached skill level 5 in Armour
  3877 | D:4      | Found a snail-covered altar of Cheibriados.
  3886 | D:4      | Fell from the grace of Uskayaw
  3909 | D:5      | Entered Level 5 of the Dungeon
  3959 | D:5      | Found an opulent altar of Gozag.
  4013 | D:5      | Noticed Menkaure
  4286 | D:5      | Reached XP level 8. HP: 69/69 MP: 8/8
  4623 | D:5      | Killed Menkaure
  4807 | D:5      | Found an ornate altar of the Wu Jian Council.
  5183 | D:6      | Reached XP level 9. HP: 51/78 MP: 9/9
  5655 | D:6      | Found a staircase to the Ecumenical Temple.
  5666 | Temple   | Entered the Ecumenical Temple
  5714 | Temple   | Became a worshipper of Qazlal Stormbringer
  5874 | D:7      | Found a glowing golden altar of the Shining One.
  6135 | D:7      | Found Cuoch's Weapon Emporium.
  6151 | D:7      | Reached skill level 1 in Invocations
  6248 | D:7      | Found an ancient bone altar of Kikubaaqudgha.
  6269 | D:7      | Noticed Joseph
  6285 | D:7      | Killed Joseph
  6285 | D:7      | Reached skill level 2 in Invocations
  6348 | D:7      | Reached skill level 10 in Axes
  6725 | D:8      | Noticed Pikel
  6800 | D:8      | Found a shadowy altar of Dithmenos.
  6938 | D:8      | Killed Pikel
  6938 | D:8      | Reached skill level 3 in Invocations
  6938 | D:8      | Reached XP level 10. HP: 67/86 MP: 10/12
  7041 | D:8      | Paralysed by the fury of Uskayaw for 4 turns
  7080 | D:8      | Noticed Harold
  7102 | D:8      | Killed Harold
  7237 | D:8      | Reached skill level 4 in Invocations
  7247 | D:8      | Found Faagg's Gadget Shop.
  7544 | D:9      | Noticed a catoblepas
  7587 | D:9      | Reached * piety under Qazlal
  7644 | D:9      | Was forgiven by Uskayaw
  7742 | D:9      | Reached skill level 5 in Dodging
  7945 | D:9      | Killed a catoblepas
  7945 | D:9      | Reached skill level 5 in Invocations
  8067 | D:9      | Found a shimmering altar of Xom.
  8067 | D:9      | Found a shimmering altar of Xom.
  8067 | D:9      | Found a shimmering altar of Xom.
  8221 | D:9      | Found a white marble altar of Elyvilon.
  8296 | D:9      | Noticed a shock serpent
  8416 | D:10     | Entered Level 10 of the Dungeon
  8427 | D:9      | Reached XP level 11. HP: 95/95 MP: 15/15
  8485 | D:10     | Reached ** piety under Qazlal
  8505 | D:10     | Found a staircase to the Orcish Mines.
  8704 | D:10     | Reached skill level 6 in Invocations
  8737 | D:10     | Noticed a two-headed ogre
  8785 | D:10     | Killed a two-headed ogre
  8798 | D:10     | Killed an unseen horror
  8996 | D:10     | Killed an unseen horror
  9024 | D:10     | Noticed a cyclops
  9024 | D:10     | Noticed a two-headed ogre
  9045 | D:10     | Killed a two-headed ogre
  9076 | D:10     | Killed a cyclops
  9139 | D:10     | Found a staircase to the Lair.
  9274 | D:10     | Reached skill level 7 in Invocations
  9516 | D:10     | Upgraded the game from 0.22.0-25-g7663229ff0 to 0.22.0-27-ga576289601
  9557 | Lair:1   | Entered Level 1 of the Lair of Beasts
  9739 | Lair:1   | Noticed an ice dragon
  9739 | Lair:1   | Noticed Waycsuqi's ghost (novice CeFi)
  9809 | Lair:1   | Reached *** piety under Qazlal
  9812 | Lair:1   | Noticed an eight-headed hydra
  9938 | D:11     | Noticed Psyche
  9949 | D:11     | Killed Psyche
  9981 | D:11     | Noticed Grum
  9987 | D:11     | Reached XP level 12. HP: 105/105 MP: 17/17
  9990 | D:11     | Killed Grum
 10039 | D:11     | Noticed a two-headed ogre
 10052 | D:11     | Killed a two-headed ogre
 10275 | D:11     | Noticed Josephine
 10288 | D:11     | Killed Josephine
 10307 | D:11     | Reached skill level 8 in Invocations
 10312 | D:11     | Reached skill level 10 in Fighting
 10954 | D:12     | Reached **** piety under Qazlal
 10969 | D:12     | Noticed a two-headed ogre
 11025 | D:12     | Noticed an eight-headed hydra
 11046 | D:10     | Killed a two-headed ogre
 11149 | D:11     | Killed an eight-headed hydra
 11206 | D:12     | Reached XP level 13. HP: 70/114 MP: 3/19
 11279 | D:12     | Reached skill level 9 in Invocations
 11441 | D:11     | Found a sparkling altar of Nemelex Xobeh.
 11879 | D:12     | Noticed Azrael
 12232 | Lair:1   | Reached skill level 10 in Shields
 12253 | Lair:1   | Reached skill level 15 in Axes
 12551 | Lair:1   | Found a runed gate.
 12552 | Lair:1   | Found a runed gate.
 12552 | Lair:1   | Found a runed gate.
 12921 | Lair:2   | Reached skill level 10 in Armour
 12976 | Lair:2   | Reached ***** piety under Qazlal
 13096 | Lair:2   | Found a staircase to the Shoals.
 13450 | Lair:2   | Found a runed gate.
 13451 | Lair:2   | Found a runed gate.
 13452 | Lair:2   | Found a runed gate.
 13454 | Lair:2   | Noticed Flugkiller's ghost (journeyman VSAs)
 14281 | Lair:3   | Noticed Snorg
 14301 | Lair:3   | Killed Snorg
 14392 | Lair:3   | Got a crude plate armour
 14403 | Lair:3   | Identified the +13 plate armour "Vuizej" {Regen+ Str+7 Int+3} (You found it on level 3 of the Lair of Beasts)
 14949 | Lair:4   | Reached skill level 10 in Invocations
 15140 | Lair:4   | Got a translucent silver ring
 15144 | Lair:4   | Identified the ring of Feorr {*Tele Dex+4} (You found it on level 4 of the Lair of Beasts)
 15184 | Lair:4   | Found a staircase to the Snake Pit.
 15992 | Lair:5   | Identified a scroll of acquirement
 15993 | Lair:5   | Found the +0 Maxwell's etheric cage {RegenMP+ *Contam rElec MP+4}
 16033 | Lair:5   | Found a frozen archway.
 16044 | Lair:5   | Reached XP level 14. HP: 114/124 MP: 21/21
 16054 | IceCv    | Entered an ice cave
 16240 | IceCv    | Noticed a frost giant
 16504 | IceCv    | Killed a frost giant
 16534 | IceCv    | Reached ****** piety under Qazlal
 16860 | Lair:5   | Reached skill level 1 in Evocations
 17654 | Orc:1    | Entered Level 1 of the Orcish Mines
 17784 | Orc:2    | Entered Level 2 of the Orcish Mines
 17784 | Orc:2    | Found a staircase to the Elven Halls.
 17801 | Orc:2    | Reached skill level 11 in Invocations
 17817 | Orc:2    | Noticed an orc warlord
 17840 | Orc:2    | Killed an orc warlord
 18311 | Orc:1    | Found a radiant altar of Vehumet.
 18391 | Orc:1    | Found a flagged portal.
 18400 | Bailey   | Entered a bailey
 18759 | Bailey   | Got a crude spear
 19231 | Orc:2    | Gained mutation: Scrolls take you a little longer to read. [a neqoxec]
 19420 | Orc:2    | Found a bloodstained altar of Trog.
 19726 | Orc:2    | Found Yrghituf's Weapon Boutique.
 19726 | Orc:2    | Found Kisor's Book Emporium.
 19841 | Orc:2    | Found a roughly hewn altar of Beogh.
 19942 | Orc:2    | Found Varam's Jewellery Boutique.
 19942 | Orc:2    | Found Timuucr Ylokh's Distillery.
 20212 | D:12     | Killed Azrael
 20212 | D:12     | Reached XP level 15. HP: 134/134 MP: 23/23
 20603 | D:13     | Noticed Nessos
 20674 | D:13     | Killed Nessos
 20740 | D:13     | Reached skill level 12 in Invocations
 20823 | D:13     | Found a gate to the Vaults.
 21372 | D:14     | Found an iron altar of Okawaru.
 22343 | D:15     | Entered Level 15 of the Dungeon
 22842 | D:15     | Found a staircase to the Depths.
 22872 | D:15     | Reached skill level 5 in Evocations
 23317 | Lair:1   | Identified the +6 spear "Fucwil" {elec, +Inv rElec rF- rC+} (You found it in a bailey)
 23426 | Lair:6   | Entered Level 6 of the Lair of Beasts
 23894 | Lair:6   | Found a staircase to the Slime Pits.
 24788 | Lair:6   | Reached XP level 16. HP: 131/144 MP: 25/25
 24964 | Lair:6   | Reached skill level 13 in Invocations
 25249 | Orc:2    | Bought an uncursed ring of poison resistance for 260 gold pieces
 25404 | Snake:1  | Entered Level 1 of the Snake Pit
 25628 | Snake:1  | Found a hazy altar of Hepliaklqana.
 27014 | Snake:2  | Reached skill level 10 in Dodging
 27030 | Snake:2  | Found Waxer's Armour Emporium.
 28361 | Snake:3  | Reached skill level 14 in Invocations
 28501 | Snake:3  | Reached XP level 17. HP: 150/152 MP: 27/27
 28876 | Snake:4  | Entered Level 4 of the Snake Pit
 29455 | Snake:4  | Noticed Nikola
 29467 | Snake:4  | Killed Nikola
 30270 | Snake:4  | Reached skill level 15 in Fighting
 30313 | Snake:4  | Reached skill level 15 in Invocations
 30423 | Snake:4  | Reached XP level 18. HP: 85/163 MP: 29/29
 30750 | Snake:4  | Got a serpentine rune of Zot
 31025 | Lair:1   | Lost mutation: Scrolls take you a little longer to read. [potion of mutation]
 31025 | Lair:1   | Gained mutation: Your magical capacity is low. (-10% MP) [potion of mutation]
 31025 | Lair:1   | Gained mutation: You have a pair of small horns on your head. [potion of mutation]
 31025 | Lair:1   | Gained mutation: You have a pair of horns on your head. [potion of mutation]
 31025 | Lair:1   | Gained mutation: Your spells are a little harder to cast, but a little more powerful. [potion of mutation]
 31026 | Lair:1   | Lost mutation: You have a pair of horns on your head. [potion of mutation]
 31026 | Lair:1   | Gained mutation: Your muscles are strong. (Str +2) [potion of mutation]
 31026 | Lair:1   | Gained mutation: You occasionally shout uncontrollably at your foes. [potion of mutation]
 31026 | Lair:1   | Gained mutation: Your magical capacity is very low. (-20% MP) [potion of mutation]
 31026 | Lair:1   | Gained mutation: You are agile. (Dex +2) [potion of mutation]
 31035 | Lair:1   | Lost mutation: Your spells are a little harder to cast, but a little more powerful. [potion of mutation]
 31035 | Lair:1   | Lost mutation: Your magical capacity is very low. (-20% MP) [potion of mutation]
 31035 | Lair:1   | Lost mutation: You are agile. (Dex +2) [potion of mutation]
 31035 | Lair:1   | Gained mutation: Your magical capacity is very low. (-20% MP) [potion of mutation]
 31035 | Lair:1   | Gained mutation: You are robust. (+10% HP) [potion of mutation]
 31036 | Lair:1   | Lost mutation: You occasionally shout uncontrollably at your foes. [potion of mutation]
 31036 | Lair:1   | Lost mutation: You have a pair of small horns on your head. [potion of mutation]
 31036 | Lair:1   | Lost mutation: Your magical capacity is very low. (-20% MP) [potion of mutation]
 31036 | Lair:1   | Lost mutation: Your muscles are strong. (Str +2) [potion of mutation]
 31036 | Lair:1   | Gained mutation: You tend to lose your temper in combat. [potion of mutation]
 31036 | Lair:1   | Gained mutation: Armour fits poorly on your strangely shaped body. [potion of mutation]
 31036 | Lair:1   | Gained mutation: You are resistant to hostile enchantments. (MR+) [potion of mutation]
 31037 | Lair:1   | Lost mutation: You tend to lose your temper in combat. [potion of mutation]
 31037 | Lair:1   | Lost mutation: Your magical capacity is low. (-10% MP) [potion of mutation]
 31037 | Lair:1   | Lost mutation: Armour fits poorly on your strangely shaped body. [potion of mutation]
 31037 | Lair:1   | Gained mutation: You can translocate small distances at will. [potion of mutation]
 31037 | Lair:1   | Gained mutation: You are dopey. (Int -2) [potion of mutation]
 31037 | Lair:1   | Gained mutation: You are very robust. (+20% HP) [potion of mutation]
 31255 | D:4      | Killed Timopy's ghost
 31494 | Vaults:1 | Entered Level 1 of the Vaults
 32987 | Vaults:2 | Reached skill level 15 in Shields
 33353 | Vaults:2 | Reached XP level 19. HP: 198/206 MP: 30/30
 33362 | Vaults:2 | Noticed Saint Roka
 33377 | Vaults:2 | Reached skill level 16 in Invocations
 33392 | Vaults:2 | Killed Saint Roka
 33579 | Vaults:2 | Reached skill level 15 in Armour
 34177 | Vaults:2 | Found a staircase to the Crypt.
 34185 | Crypt:1  | Entered Level 1 of the Crypt
 34406 | Vaults:3 | Paralysed by a floating eye for 3 turns
 34473 | Vaults:3 | Got a flickering silver ring
 34802 | Vaults:3 | Reached XP level 20. HP: 218/218 MP: 32/32
 35073 | Vaults:3 | Reached skill level 17 in Invocations
 35772 | Vaults:4 | Noticed Mennas
 35792 | Vaults:4 | Killed Mennas
 36423 | Vaults:4 | Reached XP level 21. HP: 230/230 MP: 33/33
 37044 | Vaults:4 | Identified the ring "Qunesek" {rF++ rC+ Int+4 Slay-4} (You took it off a deep elf mage on level 3 of the Vaults)
 37088 | Vaults:5 | Entered Level 5 of the Vaults
 37099 | Vaults:5 | Reached skill level 18 in Invocations
 37701 | Vaults:5 | Noticed a caustic shrike
 37701 | Vaults:5 | a shadow dragon changed into a caustic shrike
 37706 | Vaults:5 | a caustic shrike changed into an iron dragon
 37707 | Vaults:5 | Noticed a golden dragon
 37707 | Vaults:5 | an iron dragon changed into a golden dragon
 37709 | Vaults:5 | a golden dragon changed into a stone giant
 37834 | Vaults:5 | Got a translucent iron ring
 37888 | Vaults:5 | Reached XP level 22. HP: 213/242 MP: 35/35
 38273 | Vaults:5 | Identified the ring of Zazxituc {*Corrode rPois rC+ MR+ Slay+5} (You found it on level 5 of the Vaults)
 38285 | Vaults:5 | Got a steaming granite ring
 38308 | Vaults:5 | Got a silver rune of Zot
 38480 | Vaults:5 | Reached skill level 19 in Invocations
 38614 | Vaults:5 | Found the +2 pair of boots of the Assassin {Detection Stab+ Stlth++}
 38816 | Vaults:5 | Got a slimy wooden ring
 39122 | Vaults:5 | Identified the ring "Waofim" {rF+ Slay+6} (You took it off a tengu reaver on level 5 of the Vaults)
 39126 | Vaults:5 | Identified the ring of Ofuqus {rElec rN+ SInv} (You took it off a deep elf sorcerer on level 5 of the Vaults)
 39471 | Lair:2   | Killed Flugkiller's ghost
 39621 | Lair:1   | Killed Waycsuqi's ghost
 39654 | Lair:1   | Got the ring "Imikh" {Fire}
 39743 | Shoals:1 | Entered Level 1 of the Shoals
 40494 | Shoals:2 | Noticed Ilsuiw
 40569 | Shoals:2 | Killed Ilsuiw
 41222 | Shoals:2 | Got a fine copper ring
 41223 | Shoals:2 | Identified the ring "Raskity" {*Tele +Blink rElec rC+} (You found it on level 2 of the Shoals)
 41856 | Shoals:3 | Noticed Polyphemus
 41871 | Shoals:3 | Killed Polyphemus
 42110 | Shoals:3 | Found Gouf's Assorted Antiques.
 42118 | Shoals:3 | Bought a scroll of brand weapon for 640 gold pieces
 42218 | Shoals:4 | Entered Level 4 of the Shoals
 42313 | Shoals:4 | Reached XP level 23. HP: 155/253 MP: 36/36
 42450 | Shoals:4 | Reached skill level 20 in Invocations
 42696 | Shoals:4 | Identified Arakuump's Papyrus of Beguiling
 42870 | Shoals:4 | Got a barnacled rune of Zot
 43890 | Crypt:1  | Noticed Xtahua
 43905 | Crypt:1  | Killed Xtahua
 44015 | Crypt:1  | Noticed Boris
 44032 | Crypt:1  | Noticed Frederick
 44074 | Crypt:1  | Killed Boris
 44082 | Crypt:1  | Killed Frederick
 45142 | Crypt:1  | Reached skill level 21 in Invocations
 45921 | Crypt:2  | Reached XP level 24. HP: 258/266 MP: 37/37
 46233 | Crypt:2  | Identified Mehuykh's Catalogue of Evil
 46355 | Crypt:2  | Found a transporter.
 46356 | Crypt:2  | Found a radiant altar of Vehumet.
 46628 | Crypt:3  | Entered Level 3 of the Crypt
 46770 | Crypt:3  | Noticed Mara
 46803 | Crypt:3  | Noticed KamiKatze's illusion
 46822 | Crypt:3  | Killed Mara
 46848 | Crypt:3  | Found a magical portal.
 46856 | WizLab   | Entered Iskenderun's Mystic Tower
 47252 | WizLab   | Reached skill level 22 in Invocations
 47456 | WizLab   | Identified the Collected Works on Unholy Conjuration
 47474 | WizLab   | Identified Iskenderun's Tome of Arcane Weapons
 47474 | WizLab   | Identified Iskenderun's Papyrus of Confrontation
 47848 | Crypt:3  | Noticed a curse toe
 48225 | Crypt:3  | Found the +2 robe of Vines {NoPotionHeal Regen+7}
 48444 | Crypt:3  | Killed a curse toe
 48837 | Crypt:3  | Found a runed door.
 48838 | Crypt:3  | Noticed KamiKatze's ghost (veteran HOFi)
 48966 | Crypt:3  | Noticed an ancient lich
 48966 | Crypt:3  | Noticed an ancient lich
 48966 | Crypt:3  | Noticed an ancient lich
 48966 | Crypt:3  | Noticed an ancient lich
 48986 | Crypt:3  | Killed an ancient lich
 48986 | Crypt:3  | Reached XP level 25. HP: 216/276 MP: 38/38
 48996 | Crypt:3  | Killed an ancient lich
 49152 | Crypt:3  | Killed an ancient lich
 49162 | Crypt:3  | Killed an ancient lich
 49162 | Crypt:3  | Reached skill level 15 in Dodging
 49172 | Crypt:3  | Got a heavily runed granite ring
 49176 | Crypt:3  | Identified the Tome of Sinister Arts
 49180 | Crypt:3  | Identified the ring "Wuhisu" {*Tele +Inv Str+4 Int-3} (You found it on level 3 of the Crypt)
 49201 | Crypt:3  | Found a staircase to the Tomb.
 49790 | Depths:1 | Entered Level 1 of the Depths
 49790 | Depths:1 | Found Loifoph's Island Escapes.
 50118 | Depths:1 | Reached skill level 23 in Invocations
 50393 | Depths:1 | Found a gateway to Hell.
 50902 | Depths:2 | Found a gateway to a ziggurat.
 51145 | Depths:2 | Identified the Papyrus of Cold and Lightness
 51988 | Depths:3 | Found Utenisan's Antique Weapon Boutique.
 52039 | Depths:3 | Reached XP level 26. HP: 246/289 MP: 38/38
 52324 | Depths:3 | Reached skill level 24 in Invocations
 52612 | Depths:3 | Found a one-way gate to the infinite horrors of the Abyss.
 52689 | Depths:3 | Found a radiant altar of Vehumet.
 52957 | Depths:3 | Found a one-way gate leading to the halls of Pandemonium.
 53037 | Depths:3 | Got a spiked hat
 53048 | Depths:3 | Identified the cursed +0 hat "Konlufel" {+Fly rN+} (You found it on level 3 of the Depths)
 53122 | Depths:4 | Paralysed by a floating eye for 2 turns
 54998 | Depths:4 | Noticed a juggernaut
 55015 | Depths:4 | Killed a juggernaut
 55276 | Depths:5 | Entered Level 5 of the Depths
 55297 | Depths:4 | Reached XP level 27. HP: 300/300 MP: 39/39
 55316 | Depths:4 | Reached skill level 25 in Invocations
 55923 | Depths:5 | Noticed a juggernaut
 55934 | Depths:5 | Killed a juggernaut
 56498 | Depths:5 | Found a gate to the Realm of Zot.
 56700 | Depths:5 | Found the +3 pair of gauntlets of War {Slay+5}
 56779 | Zot:1    | Entered Level 1 of the Realm of Zot
 57140 | Zot:1    | Reached skill level 26 in Invocations
 57203 | Zot:1    | Noticed an orb of fire
 57205 | Zot:1    | Gained mutation: Scrolls take you a little longer to read. [an orb of fire]
 57216 | Zot:1    | Gained mutation: Your magical capacity is low. (-10% MP) [an orb of fire]
 57217 | Zot:1    | Gained mutation: You are weak. (Str -2) [an orb of fire]
 57221 | Zot:1    | Killed an orb of fire
 57914 | Zot:1    | Lost mutation: Scrolls take you a little longer to read. [potion of mutation]
 57914 | Zot:1    | Lost mutation: You are dopey. (Int -2) [potion of mutation]
 57914 | Zot:1    | Gained mutation: You have a pair of small horns on your head. [potion of mutation]
 57915 | Zot:1    | Lost mutation: You are very robust. (+20% HP) [potion of mutation]
 57915 | Zot:1    | Lost mutation: You are robust. (+10% HP) [potion of mutation]
 57915 | Zot:1    | Gained mutation: You are partially covered in molten scales. (AC +2) [potion of mutation]
 57915 | Zot:1    | Gained mutation: You evolve. [potion of mutation]
 57916 | Zot:1    | Lost mutation: Your magical capacity is low. (-10% MP) [potion of mutation]
 57916 | Zot:1    | Lost mutation: You can translocate small distances at will. [potion of mutation]
 57916 | Zot:1    | Gained mutation: You occasionally shout uncontrollably at your foes. [potion of mutation]
 57916 | Zot:1    | Gained mutation: You have sharp toenails. [potion of mutation]
 57991 | Depths:5 | Lost mutation: You evolve. [end of evolution]
 59468 | Zot:3    | Reached skill level 27 in Invocations
 61643 | Zot:5    | Entered Level 5 of the Realm of Zot
 61966 | Zot:5    | Noticed an orb of fire
 61966 | Zot:5    | Gained mutation: Scrolls take you a little longer to read. [an orb of fire]
 61972 | Zot:5    | Gained mutation: You tend to lose your temper in combat. [an orb of fire]
 61983 | Zot:5    | Gained mutation: You are clumsy. (Dex -2) [an orb of fire]
 61984 | Zot:5    | Gained mutation: You often lose your temper in combat. [an orb of fire]
 61987 | Zot:5    | Killed an orb of fire
 62078 | Zot:5    | Lost mutation: You often lose your temper in combat. [potion of mutation]
 62078 | Zot:5    | Lost mutation: You are clumsy. (Dex -2) [potion of mutation]
 62078 | Zot:5    | Lost mutation: You are resistant to hostile enchantments. (MR+) [potion of mutation]
 62078 | Zot:5    | Gained mutation: Your flesh is cold resistant. (rC+) [potion of mutation]
 62440 | Zot:5    | Noticed an ancient lich
 62446 | Zot:5    | Noticed an orb of fire
 62472 | Zot:5    | Noticed an orb of fire
 62473 | Zot:5    | Gained mutation: Scrolls take you longer to read. [an orb of fire]
 62473 | Zot:5    | Noticed an orb of fire
 62512 | Zot:5    | Noticed an orb of fire
 62514 | Zot:5    | Noticed an orb of fire
 62523 | Zot:5    | Gained mutation: You are clumsy. (Dex -2) [an orb of fire]
 62526 | Zot:5    | Lost mutation: You occasionally shout uncontrollably at your foes. [an orb of fire]
 62527 | Zot:5    | Gained mutation: Your body sometimes deteriorates upon taking damage. [an orb of fire]
 62531 | Zot:5    | Killed an orb of fire
 62536 | Zot:5    | Gained mutation: You often lose your temper in combat. [an orb of fire]
 62537 | Zot:5    | Killed an orb of fire
 62539 | Zot:5    | Gained mutation: Armour fits poorly on your strangely shaped body. [an orb of fire]
 62554 | Zot:5    | Killed an orb of fire
 62580 | Zot:5    | Killed an ancient lich
 62692 | Zot:5    | Noticed an orb of fire
 62700 | Zot:5    | Gained mutation: You are occasionally teleported next to monsters. [an orb of fire]
 62714 | Zot:5    | Killed an orb of fire
 62742 | Zot:5    | Killed an orb of fire
 62827 | Zot:5    | Noticed an orb of fire
 62859 | Zot:5    | Killed an orb of fire
 63340 | Zot:5    | Got the Orb of Zot
 63385 | Zot:4    | Noticed Nusmaibb the pandemonium lord
 63504 | Depths:5 | Noticed Sonomnof the pandemonium lord
 63525 | Depths:5 | Killed Sonomnof the pandemonium lord
 63624 | D:15     | Gained mutation: You are frail. (-10% HP) [a cacodemon]
 63786 | D:7      | Noticed Woremeli the pandemonium lord
 63795 | D:7      | Killed Woremeli the pandemonium lord
 63866 | D:6      | Noticed Beuwe the pandemonium lord
 63878 | D:6      | Killed Beuwe the pandemonium lord
 64015 | D:1      | Noticed Cager the pandemonium lord
 64059 | D:$      | Escaped with the Orb!

Skill      XL: |  1  2  3  4  5  6  7  8  9 10 11 12 13 14 15 16 17 18 19 20 21 22 23 24 25 26 27 |
---------------+----------------------------------------------------------------------------------+-----
Axes           | 3 5 7 8 10 11 13 14 16 17 18 19 | 19.0
Fighting       | 4 5 6 7 8 9 10 11 12 13 14 15 16 17 18 19 20 21 25 | 25.3
Armour         | 4 5 6 7 8 9 10 11 12 13 14 15 16 17 18 19 20 21 25 | 25.7
Dodging        | 1 2 3 4 5 6 7 8 9 10 11 12 13 14 15 19 | 19.7
Shields        | 4 5 6 7 8 9 10 11 12 13 14 15 16 17 19 20 21 22 23 25 | 25.0
Invocations    | 3 5 7 8 10 11 12 14 15 16 17 18 19 21 22 23 24 27 | 27.0
Evocations     | 3 5 |  5.0

Action                   |  1- 3 |  4- 6 |  7- 9 | 10-12 | 13-15 | 16-18 | 19-21 | 22-24 | 25-27 || total
-------------------------+-------+-------+-------+-------+-------+-------+-------+-------+-------++-------
Melee: War axe           |    88 |   121 |   454 |   616 |   814 |       |       |       |       ||  2093
       Morningstar       |       |       |       |     4 |    44 |       |       |       |       ||    48
       Broad axe         |       |       |       |       |   536 |  1301 |  1082 |  1957 |  2503 ||  7379
       Headbutt          |       |       |       |       |       |       |       |       |   365 ||   365
Throw: Tomahawk          |       |       |     2 |     1 |       |       |       |       |       ||     3
       Stone             |       |       |     2 |       |       |       |       |       |       ||     2
       Javelin           |       |       |       |       |     2 |       |       |       |       ||     2
Invok: Renounce Religion |       |       |     1 |       |       |       |       |       |       ||     1
       Disaster Area     |       |       |       |       |       |       |     2 |     2 |     3 ||     7
       Elemental Force   |       |       |       |       |       |       |       |       |     5 ||     5
 Abil: Blink             |       |       |       |       |       |       |     1 |       |       ||     1
Evoke: Wand              |       |       |     4 |     9 |     5 |       |       |     1 |    10 ||    29
  Use: Scroll            |     5 |     2 |    12 |     6 |     7 |     3 |     5 |    19 |    15 ||    74
       Potion            |     2 |     2 |     2 |     1 |     6 |     6 |     6 |     4 |    24 ||    53
 Stab: Distracted        |       |       |       |       |     1 |       |       |     4 |     4 ||     9
       Petrified         |       |       |       |       |       |       |       |       |     4 ||     4
  Eat: Chunk             |     1 |     3 |    16 |    17 |    25 |    14 |    12 |    11 |    12 ||   111
       Ration            |       |       |       |     1 |     6 |     4 |     2 |     8 |    11 ||    32
Armor: Scale mail        |    41 |       |       |       |       |       |       |       |       ||    41
       Chain mail        |    14 |    59 |   258 |   123 |       |       |       |       |       ||   454
       Troll leather arm |       |     1 |       |       |       |       |       |       |       ||     1
       Plate armour      |       |       |       |   260 |   497 |   397 |   206 |   401 |   490 ||  2251
Dodge: Dodged            |    30 |    22 |    95 |   181 |   404 |   251 |   159 |   253 |   468 ||  1863
       Deflected         |       |       |       |       |    21 |    49 |    14 |    14 |    50 ||   148
Block: Shield            |    53 |    56 |   203 |   551 |  1469 |  1018 |       |       |       ||  3350
       Large shield      |       |       |       |       |       |   312 |  1168 |  2303 |  3053 ||  6836
